 Dungeon Crawl Stone Soup version 0.19.5 (webtiles) character file.

154 Goboxel the Slasher (level 5, 0/35 HPs)
             Began as a High Elf Gladiator on Mar 23, 2017.
             Slain by a gnoll
             ... wielding a +0 spear
              (5 damage)
             ... on level 2 of the Dungeon.
             The game lasted 00:04:56 (1603 turns).

Goboxel the Slasher (High Elf Gladiator)            Turns: 1603, Time: 00:04:57

Health: 0/35       AC:  4    Str: 12    XL:     5   Next: 13%
Magic:  6/6        EV: 14    Int: 11    God:
Gold:   57         SH:  0    Dex: 17    Spells: 0 memorised, 4 levels left

rFire  . . .     SeeInvis .     a - +0 long sword
rCold  . . .     Gourm    .     l - +0 leather armour
rNeg   . . .     Faith    .     (no shield)
rPois  .         Spirit   .     c - +0 helmet
rElec  .         Reflect  .     (no cloak)
rCorr  .         Harm     .     (no gloves)
MR     .....                    (no boots)
Stlth  +.........               o - amulet of magic regeneration
                                (no ring)
                                i - -2 ring of strength (curse)

@: no status effects
A: no striking features
a: no special abilities


You were on level 2 of the Dungeon.
You were not hungry.

You visited 1 branch of the dungeon, and saw 2 of its levels.

You collected 57 gold pieces.

Inventory:

Hand Weapons
 a - a +0 long sword (weapon)
 b - a +0 dagger
Missiles
 d - 4 throwing nets (quivered)
Armour
 c - a +0 helmet (worn)
 l - a +0 leather armour (worn)
Jewellery
 i - a cursed -2 ring of strength (left hand)
 o - an amulet of magic regeneration (around neck)
Scrolls
 k - 2 scrolls of remove curse {unknown}
 m - a scroll of immolation {unknown}
 p - a scroll of fog {unknown}
 s - a scroll of identify {unknown}
Potions
 e - 2 potions of degeneration {unknown}
 g - a potion of curing {unknown}
 h - a potion of mutation {unknown}
 n - a potion of agility {unknown}
 t - a potion of lignification {unknown}
Comestibles
 f - 2 bread rations
 j - 4 meat rations
 q - a beef jerky
 r - a royal jelly


   Skills:
 + Level 2.7 Fighting
 + Level 5.8 Long Blades
 - Level 2.0 Throwing
 + Level 4.3 Dodging
 + Level 0.5 Stealth


You had 4 spell levels left.
You didn't know any spells.

Dungeon Overview and Level Annotations

Branches:
Dungeon (2/15)

Altars:
The Shining One


Message History

The gnoll hits you from afar with a spear.
The gnoll closely misses you.
You riposte.
You closely miss the gnoll. You hit the gnoll but do no damage.
The gnoll hits you with a spear!
You hit the gnoll.
The gnoll is lightly wounded.
The gnoll closely misses you.
You slash the gnoll!
The gnoll is severely wounded.
The gnoll hits you with a spear.
The gnoll hits you from afar with a spear.
The gnoll hits you with a spear.
* * * LOW HITPOINT WARNING * * *
You hit the gnoll but do no damage.
The gnoll is severely wounded.
The gnoll barely misses you. The gnoll hits you with a spear.
* * * LOW HITPOINT WARNING * * *
The gnoll closely misses you.
Unknown command.
The gnoll hits you from afar with a spear.
You die...

#.........................##.....
...#.####...######....##.)##.....
##.#.# #...# #........#######
...#.# #...# #.#...#.## .....#
#...# #.#(#.#.###### ###### #...#
###............### .....####...##
#..............#.. .....##......#
#.####.........#.#
...........#.###@####.........#.#
.....##.#.#.........#............
.....##..#######g####.........#.#
[.......## .g. #.....<...#.#
.....##..#### ..... #.........#..
.........(#.##♣...♣##.........###
....#.####)## ..... ###########
..###.####(## ##_## ..#
#.#.....######


You could see 2 gnolls.

Vanquished Creatures
  Jessica (D:2)
  Natasha (thrice) (D:2)
  A gnoll (D:2)
  An adder (D:2)
  A giant cockroach (D:2)
  5 goblins
  3 hobgoblins
  6 jackals (D:2)
  5 kobolds
  8 bats
  A frilled lizard (D:1)
  2 rats (D:1)
37 creatures vanquished.

Notes
Turn   | Place    | Note
-------+----------+-------------------------------------------
     0 | D:1      | Goboxel the High Elf Gladiator began the quest for the Orb.
     0 | D:1      | Reached XP level 1. HP: 14/14 MP: 2/2
   161 | D:1      | Reached XP level 2. HP: 17/19 MP: 3/3
   292 | D:1      | Reached skill level 4 in Long Blades
   702 | D:2      | Reached XP level 3. HP: 23/24 MP: 4/4
   830 | D:2      | Noticed Natasha
   831 | D:2      | Noticed Jessica
   847 | D:2      | Killed Natasha
  1052 | D:2      | Killed Jessica
  1052 | D:2      | Reached skill level 5 in Long Blades
  1052 | D:2      | Reached XP level 4. HP: 30/30 MP: 5/5
  1105 | D:2      | Noticed Natasha
  1116 | D:2      | Killed Natasha
  1144 | D:2      | Noticed Natasha
  1156 | D:2      | Killed Natasha
  1156 | D:2      | Reached XP level 5. HP: 19/35 MP: 6/6
  1596 | D:2      | Found a glowing golden altar of the Shining One.
  1603 | D:2      | Slain by a gnoll

Skill      XL: |  1  2  3 |
---------------+----------+-----
Long Blades    | 4 5 |  5.8
Dodging        | 4 |  4.3
Fighting       | |  2.7
Throwing       | |  2.0
Stealth        | |  0.5

Action                   |  1- 3 |  4- 6 || total
-------------------------+-------+-------++-------
Melee: Long sword        |    68 |    51 ||   119
Throw: Throwing net      |     1 |     2 ||     3
 Stab: Sleeping          |     1 |       ||     1
  Eat: Chunk             |       |     2 ||     2
Armor: Leather armour    |    21 |    11 ||    32
Dodge: Dodged            |    47 |    59 ||   106
       Rpst.: Long sword |    12 |    19 ||    31
